 Dungeon Crawl Stone Soup version 0.25.1-2-g60ff931df9 (webtiles) character file.

Game seed: 12317780662367391750

3453 Erymatos the Cleaver (level 9, -5/81 (83) HPs)
             Began as a Minotaur Berserker on Nov 14, 2020.
             Was an Elder of Trog.
             Slain by a 12-headed hydra (11 damage)
             ... on level 9 of the Dungeon.
             The game lasted 00:12:11 (8161 turns).

Erymatos the Cleaver (Minotaur Berserker)           Turns: 8161, Time: 00:12:11

HP:   -5/81 (83)    AC: 13    Str: 24    XL:     9   Next: 78%
MP:   8/8           EV:  8    Int:  4    God:    Trog [****..]
Gold: 397           SH:  9    Dex: 11    Spells: 8/8 levels left

rFire    . . .     SeeInvis .   G - +2 hand axe (vamp)
rCold    . . .     Gourm    .   C - +0 kite shield
rNeg     + . .     Faith    .   y - +0 chain mail
rPois    .         Spirit   .   (helmet restricted)
rElec    .         Reflect  .   p - +0 cloak
rCorr    .         Harm     .   d - +0 pair of gloves
MR       .....                  (no boots)
Stlth    ..........             H - amulet of regeneration
HPRegen  0.63/turn              J - ring of stealth
MPRegen  0.11/turn              w - ring of positive energy

@: berserk cooldown, slowed, very slow
A: retaliatory headbutt, horns 2
a: Berserk, Trog's Hand, Brothers in Arms, Renounce Religion


You were on level 9 of the Dungeon.
You worshipped Trog.
Trog was greatly pleased with you.
You were hungry.

You visited 1 branch of the dungeon, and saw 9 of its levels.

You collected 517 gold pieces.
You spent 120 gold pieces at shops.

Inventory:

Hand Weapons
 j - a +0 war axe
 G - a +2 vampiric hand axe (weapon)
Armour
 d - a +0 pair of gloves (worn)
 m - a +0 ring mail
 p - a +0 cloak (worn)
 v - a +0 buckler
 y - a +0 chain mail (worn)
 C - a +0 kite shield (worn)
 K - the +1 robe "Uqoabb" {Int+5 Dex+3 SInv}
   (You found it on level 8 of the Dungeon)

   It affects your intelligence (+5).
   It affects your dexterity (+3).
   It lets you see invisible.
Jewellery
 w - a ring of positive energy (right hand)
 H - an amulet of regeneration (around neck)
 J - a ring of stealth (left hand)
Wands
 b - a wand of iceblast (13)
 x - a wand of flame (22)
Scrolls
 f - 11 scrolls of identify
 g - 3 scrolls of enchant armour {unknown}
 h - a scroll of blinking {unknown}
 i - 2 scrolls of enchant weapon {unknown}
 l - 3 scrolls of remove curse
 q - 2 scrolls of amnesia {unknown}
 z - 3 scrolls of teleportation
 A - a scroll of fog
 B - a scroll of summoning {unknown}
 F - a scroll of immolation {unknown}
 I - a scroll of fear {unknown}
Potions
 a - a potion of stabbing {unknown}
 e - 4 potions of curing {unknown}
 k - a potion of magic {unknown}
 n - 2 potions of might {unknown}
 o - a potion of heal wounds {unknown}
 r - 2 potions of degeneration {unknown}
 s - a potion of berserk rage {unknown}
 t - a potion of brilliance {unknown}
 u - a potion of lignification {unknown}
 D - a potion of resistance {unknown}
 E - a potion of flight {unknown}
Comestibles
 c - 10 rations
 L - 6 chunks of flesh


   Skills:
 + Level 9.0 Fighting
 + Level 10.4 Axes
 + Level 8.6 Armour
 + Level 5.9 Dodging
 - Level 1.8 Stealth
 + Level 1.9 Shields


You had 8 spell levels left.
You didn't know any spells.
Your spell library was empty.

Dungeon Overview and Level Annotations

Branches:
Dungeon (9/15)             Temple (0/1) D:5
   Lair: D:8-11         Orc: D:9-12

Altars:
Hepliaklqana

Shops:
D:6 (?(}


Innate Abilities, Weirdness & Mutations

You reflexively headbutt those who attack you in melee.
You have a pair of horns on your head.


Message History

* * * LOW HITPOINT WARNING * * *
You block the 12-headed hydra's attack. The 12-headed hydra bites you.
* * * LOW HITPOINT WARNING * * *
The 12-headed hydra bites you but does no damage.
You block the 12-headed hydra's attack. The 12-headed hydra bites you.
* * * LOW HITPOINT WARNING * * *
The 12-headed hydra bites you but does no damage. x5
The 12-headed hydra barely misses you.
You feel a strong urge to attack something.
You are no longer berserk.
You are exhausted.
You feel yourself slow down.
Your ogre goes berserk!
You feel somewhat more hungry. Trog will no longer gift you weapons.
The 12-headed hydra bites you but does no damage.
You block the 12-headed hydra's attack.
The 12-headed hydra bites you but does no damage.
The 12-headed hydra bites you!
You die...

............# #.#
............# #.#
÷...........# #.#
............# #.#
............# #.#
............# #.#
.÷..........# #.#
#.###.......####.#
##. ##..........@# .
#.........OD# #
#.......##..#####...
#.......##..........
#.......##..........
#.......##..........
#.......##..........
........##..........
#..........


You could see a 12-headed hydra and a friendly ogre (summoned, berserk).

Vanquished Creatures
  Sigmund (D:2)
  2 hungry ghosts (D:7)
  Edmund (D:4)
  Duvessa (D:7)
  2 sky beasts (D:5)
  3 orc warriors
  A necrophage (D:8)
  2 ogres
  2 centaurs
  A big kobold (D:8)
  A gnoll sergeant (D:6)
  5 bullfrogs
  A water moccasin zombie (D:7)
  A wyvern skeleton (D:6)
  Dowan (D:7)
  A scorpion (D:4)
  A water moccasin skeleton (D:5)
  A howler monkey (D:6)
  5 crimson imps
  4 hounds
  A centaur skeleton (D:6)
  Crazy Yiuf (D:3)
  2 orc priests
  A jelly (D:6)
  12 orc wizards
  An iguana (D:9)
  4 worker ants
  2 killer bee zombies (D:6)
  A worker ant zombie (D:5)
  Robin (D:2)
  2 howler monkey skeletons
  9 adders
  4 gnolls (D:6)
  2 oozes (D:2)
  4 worms
  5 leopard geckos
  15 orcs
  4 giant cockroaches
  15 goblins
  9 hobgoblins
  4 jackals (D:7)
  13 kobolds
  4 quokkas
  2 ball pythons (D:1)
  5 bats
  4 frilled lizards
  A jackal zombie (D:5)
  7 rats
172 creatures vanquished.

Vanquished Creatures (others)
  A plant (D:1)
1 creature vanquished.

Grand Total: 173 creatures vanquished

Notes
Turn   | Place    | Note
-------+----------+-------------------------------------------
     0 | D:1      | Erymatos the Minotaur Berserker began the quest for the
                  | Orb.
     0 | D:1      | Reached XP level 1. HP: 19/19 MP: 0/0
   372 | D:1      | Reached XP level 2. HP: 26/27 MP: 1/1
   970 | D:2      | Reached skill level 4 in Axes
   970 | D:2      | Reached XP level 3. HP: 29/33 MP: 2/2
  1044 | D:2      | Reached ** piety under Trog
  1256 | D:2      | Noticed Robin
  1265 | D:2      | Reached XP level 4. HP: 41/41 MP: 3/3
  1272 | D:2      | Killed Robin
  1450 | D:2      | Reached skill level 5 in Axes
  1488 | D:2      | Noticed Sigmund
  1503 | D:2      | Killed Sigmund
  1503 | D:2      | Reached skill level 5 in Fighting
  1503 | D:2      | Reached skill level 6 in Axes
  1503 | D:2      | Reached XP level 5. HP: 48/48 MP: 4/4
  1679 | D:2      | Reached XP level 6. HP: 55/56 MP: 5/5
  2865 | D:3      | Found a runed translucent door.
  2866 | D:3      | Noticed Crazy Yiuf
  2877 | D:3      | Killed Crazy Yiuf
  3204 | D:4      | Reached *** piety under Trog
  3408 | D:4      | Reached skill level 1 in Stealth
  3458 | D:4      | Noticed Edmund
  3468 | D:4      | Killed Edmund
  3468 | D:4      | Reached XP level 7. HP: 63/63 MP: 6/6
  3892 | D:5      | Entered Level 5 of the Dungeon
  3921 | D:5      | Reached skill level 7 in Axes
  4116 | D:5      | Found a staircase to the Ecumenical Temple.
  4254 | D:5      | Reached skill level 5 in Armour
  4412 | D:5      | Reached XP level 8. HP: 71/71 MP: 7/7
  5197 | D:6      | Reached skill level 5 in Dodging
  5303 | D:6      | Reached **** piety under Trog
  5594 | D:6      | Found Wiorch's Weapon Shop.
  5597 | D:6      | Found Kaari's Gadget Shop.
  5599 | D:6      | Found Caefuet's Weapon Shop.
  5599 | D:6      | Found Roxkyemei's Magic Scroll Shop.
  5611 | D:6      | Bought a scroll of identify for 24 gold pieces
  5611 | D:6      | Bought a scroll of remove curse for 36 gold pieces
  5611 | D:6      | Bought a scroll of teleportation for 36 gold pieces
  5611 | D:6      | Bought a scroll of fog for 24 gold pieces
  6019 | D:6      | Reached skill level 8 in Axes
  6238 | D:7      | Reached XP level 9. HP: 75/81 MP: 8/8
  6271 | D:7      | Paralysed by fainting for 10 turns
  6313 | D:7      | Reached skill level 1 in Shields
  6385 | D:7      | Noticed Duvessa
  6386 | D:7      | Noticed Dowan
  6388 | D:7      | Found a hazy altar of Hepliaklqana.
  6392 | D:7      | Killed Duvessa
  6392 | D:7      | Reached skill level 9 in Axes
  6396 | D:7      | Killed Dowan
  7254 | D:8      | Got a heavy robe
  7265 | D:8      | Identified the +1 robe "Uqoabb" {Int+5 Dex+3 SInv} (You
                  | found it on level 8 of the Dungeon)
  7307 | D:8      | Reached ***** piety under Trog
  7319 | D:8      | Reached skill level 10 in Axes
  8145 | D:9      | Noticed a five-headed hydra
  8156 | D:9      | HP: 5/121 [12-headed hydra (6)]
  8161 | D:9      | Slain by a 12-headed hydra

Illustrated notes

Levels and vault maps discovered:
D:1:      dpeg_arrival_tiny_i, layout_loops_ring, corexii_corridor_pit,
          serial_bayou_lagoon_a
D:2:      layout_basic, uniq_sigmund, uniq_robin
D:3:      layout_basic, serial_rivers, chequers_serial_rivers_micro_e,
          chequers_serial_rivers_micro_d, chequers_serial_rivers_small_b,
          chequers_serial_rivers_small_3, chequers_serial_rivers_micro_e,
          uniq_crazy_yiuf_cottage
D:4:      layout_basic, uniq_edmund
D:5:      layout_loops_ring, minmay_temple_entry_statues_pillars, first_ration,
          hex_medium
D:6:      layout_rooms, minmay_shop_grid_forest, minmay_pentangle
D:7:      layout_loops_ring, overflow_temple_1_default, uniq_duvessa
D:8:      minmay_flawed_box, layout_basic, feat_on_display
D:9:      layout_long_grid, grunt_ogre_cave, uniq_maurice

Skill      XL: |  1  2  3  4  5  6  7  8  9 |
---------------+----------------------------+-----
Fighting       | 4 5 6 8 9 |  9.0
Axes           | 4 6 7 8 10 | 10.4
Dodging        | 3 4 5 |  5.9
Armour         | 3 5 7 8 |  8.6
Stealth        | 1 |  1.8
Shields        | 1 |  1.9

Action                   |  1- 3 |  4- 6 |  7- 9 || total
-------------------------+-------+-------+-------++-------
Melee: Hand axe          |    63 |    19 |    37 ||   119
       Headbutt          |     9 |     5 |    52 ||    66
       Scythe            |       |    69 |    46 ||   115
       War axe           |       |       |   220 ||   220
Invok: Berserk           |     1 |     3 |     4 ||     8
       Brothers in Arms  |       |       |     1 ||     1
  Eat: Chunk             |     1 |    10 |    20 ||    31
       Ration            |       |       |     2 ||     2
Armor: Animal skin       |     9 |     7 |       ||    16
       Ring mail         |       |    20 |    37 ||    57
       Chain mail        |       |       |   132 ||   132
Dodge: Dodged            |    35 |    45 |   132 ||   212
Block: Buckler           |       |       |    24 ||    24
       Kite shield       |       |       |    25 ||    25
